 Dungeon Crawl Stone Soup version 0.30-b1-2-g02819fbbbe (webtiles) character file.

Game seed: 14133358544458375514

30 sanka the Vexing (level 3, -4/24 HPs)
             Began as a Vampire Hedge Wizard on May 9, 2023.
             Slain by Natasha (9 damage)
             ... on level 2 of the Dungeon.
             The game lasted 00:01:54 (981 turns).

sanka the Vexing (Vampire Hedge Wizard)              Turns: 981, Time: 00:01:55

Health: -4/24      AC:  3    Str: 15    XL:     3   Next: 5%
Magic:  4/7        EV: 12    Int: 18    God:
Gold:   38         SH:  0    Dex: 13    Spells: 4/8 levels left

rFire   . . .        a - +0 dagger
rCold   . . .        (no shield)
rNeg    . . .        b - +0 robe
rPois   .            c - +0 hat
rElec   .            (no cloak)
rCorr   .            (no gloves)
SInv    +            j - +0 pair of boots
Will    .....        (no amulet)
Stlth   ++           m - +6 ring of strength
HPRegen 0.44/turn    (no ring)
MPRegen 0.10/turn

%: no passive effects
@: healing quickly, slowed, very slow
A: alive, fangs 3, see invisible, vampiric 2
a: Exsanguinate


You were on level 2 of the Dungeon.
You visited 1 branch of the dungeon, and saw 2 of its levels.

You collected 38 gold pieces.

Inventory:

Hand Weapons
 a - a +0 dagger (weapon)
Armour
 b - a +0 robe (worn)
 c - a +0 hat (worn)
 j - a +0 pair of boots (worn)
Jewellery
 m - a +6 ring of strength (left hand)
Scrolls
 e - a scroll of noise {unknown}
 f - 2 scrolls of identify {unknown}
 h - a scroll of blinking {unknown}
 l - a scroll of vulnerability {unknown}
Potions
 d - a potion of magic
 g - a potion of haste {unknown}
 i - a potion of resistance {unknown}
 k - a potion of cancellation {unknown}


   Skills:
 - Level 2.1 Dodging
 - Level 3.0 Stealth
 - Level 3.0 Spellcasting
 - Level 0.6 Conjurations
 - Level 4.0 Hexes
 + Level 1.1 Summonings
 - Level 0.7 Translocations


You had 4 spell levels left.
You knew the following spells:

 Your Spells              Type           Power      Damage    Failure   Level
a - Magic Dart            Conj           16%        1d3       13%         1
b - Slow                  Hex            68%        N/A       3%          1
c - Call Imp              Summ           12%        N/A       16%         2

Your spell library contained the following spells:

 Spells                   Type           Power      Damage    Failure   Level
 Blink                    Tloc           10%        N/A       19%         2
 Cigotuvi's Dreadful Rot  Necr/Pois/Air  4%         N/A       24%         2
 Mephitic Cloud           Conj/Pois/Air  3%         N/A       41%         3


Dungeon Overview and Level Annotations

Branches:
Dungeon (2/15)

Altars:

Annotations:
D:2 Natasha


Innate Abilities, Weirdness & Mutations

Your natural rate of healing is accelerated.
You have razor-sharp teeth.
You have supernaturally acute eyesight. (SInv)
You are afflicted with vampirism and can become a bat while bloodless.


Message History

Natasha howls an incantation.
You feel troubled.
Natasha stares at you and mumbles some strange words.
You feel yourself slow down.
Your cerulean imp hits Natasha with a -4 spear.
You hit Natasha.
Natasha is heavily wounded.
Natasha barely misses you.
Your cerulean imp hits Natasha with a -4 spear.
You hit Natasha but do no damage.
Natasha is heavily wounded.
Natasha casts a spell at you.
You feel as though you will be slow longer.
Your cerulean imp barely misses Natasha.
Natasha casts a spell at you.
You feel as though you will be slow longer.
Your cerulean imp hits Natasha but does no damage.
Your magical contamination has completely faded away.
Unknown command.
You barely miss Natasha.
Natasha is heavily wounded.
Natasha barely misses you.
Your cerulean imp hits Natasha with a -4 spear.
You closely miss Natasha.
Natasha is almost dead.
Natasha barely misses you.
Your cerulean imp misses Natasha.
Natasha claws you.
* * * LOW HITPOINT WARNING * * *
Your cerulean imp barely misses Natasha.
Unknown command.
You hit Natasha.
Natasha is almost dead.
Natasha claws you.
* * * LOW HITPOINT WARNING * * *
Your cerulean imp hits Natasha but does no damage.
Unknown command.
Unknown command.
You barely miss Natasha.
Natasha is almost dead.
Natasha claws you!
You die...

.'.......##...###...#.#
##.......######.......#
#.......# #.#+#...#
#.......# #....>..#
##.......######....####
.........##...........#
.....######...........#
.....# #.....5h....#
.....# #.....@.$...#
.....# #...........+
.....# #...........#
###### ############..
... ..


You could see Natasha (ally target) and a friendly cerulean imp (summoned).

Vanquished Creatures
  2 dart slugs (D:1)
  3 ball pythons (D:1)
  A bat (D:1)
  5 endoplasms
  2 giant cockroaches (D:1)
  3 goblins
  A hobgoblin (D:1)
  3 kobolds (D:1)
  A frilled lizard (D:1)
  4 rats (D:1)
25 creatures vanquished.

Notes
Turn   | Place    | Note
-------+----------+-------------------------------------------
     0 | D:1      | sanka the Vampire Hedge Wizard began the quest for the Orb.
     0 | D:1      | Reached XP level 1. HP: 13/13 MP: 4/4
    34 | D:1      | Reached skill level 1 in Hexes
   130 | D:1      | Reached skill level 2 in Hexes
   230 | D:1      | Reached XP level 2. HP: 19/19 MP: 6/6
   386 | D:1      | Reached skill level 3 in Hexes
   635 | D:1      | Reached skill level 4 in Hexes
   674 | D:1      | Gained mutation: You are afflicted with vampirism and can
                  | become a bat while bloodless. [Vampire growth]
   674 | D:1      | Reached XP level 3. HP: 24/24 MP: 7/7
   842 | D:1      | Learned a level 1 spell: Slow
   845 | D:1      | Learned a level 2 spell: Call Imp
   965 | D:2      | Noticed Natasha
   981 | D:2      | Slain by Natasha

Illustrated notes

Levels and vault maps discovered:
D:1:      psy_arrival_spokes, layout_loops_ring, serial_forest,
          infiniplex_forest_lined_room_2, infiniplex_forest_lined_3,
          infiniplex_forest_lined_2, infiniplex_forest_clump_double,
          infiniplex_forest_fountain, infiniplex_forest_lined_corner
D:2:      layout_basic, uniq_natasha

Skill      XL: |  1  2 |
---------------+-------+-----
Hexes          | 2 4 |  4.0
Dodging        | |  2.1
Stealth        | |  3.0
Spellcasting   | |  3.0
Conjurations   | |  0.6
Summonings     | |  1.1
Translocations | |  0.7

Action                     || total
---------------------------++-------
  Melee: Dagger            ||    98
         Bite              ||    10
         Punch             ||     2
   Cast: Call Imp          ||     1
   Stab: Sleeping          ||     7
 Armour: Robe              ||    21
  Dodge: Dodged            ||    57
